 Dungeon Crawl Stone Soup version 0.30.1-11-g7821555f0a (webtiles) character file.

Game seed: 14073674667603915539

102 bnorton916 the Magician (level 4, -1/23 (24) HPs)
             Began as a Deep Elf Fire Elementalist on Dec 3, 2023.
             Slain by a phantom (4 damage)
             ... on level 4 of the Dungeon.
             The game lasted 00:03:23 (3350 turns).

bnorton916 the Magician (DEFE)                      Turns: 3350, Time: 00:03:24

HP:   -1/23 (24)    AC:  2    Str:  5    XL:     4   Next: 49%
MP:   10/12         EV: 12    Int: 22    God:
Gold: 126           SH:  0    Dex: 15    Spells: 6/12 levels left

rFire   . . .        h - staff of conjuration
rCold   . . .        (no shield)
rNeg    . . .        a - +0 robe
rPois   .            (no helmet)
rElec   .            (no cloak)
rCorr   .            (no gloves)
SInv    .            (no boots)
Will    .....        (no amulet)
Stlth   ++           (no ring)
HPRegen 0.23/turn    (no ring)
MPRegen 0.13/turn

%: no passive effects
@: lightly drained
A: no striking features
a: no special abilities


You were on level 4 of the Dungeon.
You visited 1 branch of the dungeon, and saw 4 of its levels.

You collected 126 gold pieces.

Inventory:

Hand Weapons
 m - a +2 flail of holy wrath
Missiles
 e - 5 boomerangs
Armour
 a - a +0 robe (worn)
Magical Staves
 h - a staff of conjuration (weapon)
Scrolls
 d - 4 scrolls of identify {unknown}
 k - a scroll of magic mapping {unknown}
 l - a scroll of vulnerability {unknown}
Potions
 b - a potion of magic
 c - 4 potions of curing {unknown}
 f - a potion of haste {unknown}
 g - 2 potions of degeneration {unknown}
 j - a potion of might {unknown}


   Skills:
 - Level 2.4 Dodging
 - Level 2.4 Stealth
 + Level 4.5 Spellcasting
 + Level 2.8 Conjurations
 + Level 4.3 Fire Magic


You had 6 spell levels left.
You knew the following spells:

 Your Spells              Type           Power      Damage    Failure   Level
a - Foxfire               Conj/Fire      100%       2x1d9     2%          1
b - Scorch                Fire           46%        2d6       2%          2
c - Volatile Blastmotes   Fire/Tloc      28%        2d12      13%         3

Your spell library contained the following spells:

 Spells                   Type           Power      Damage    Failure   Level
 Sandblast                Erth           8%         2d5       11%         1
 Inner Flame              Hex/Fire       14%        N/A       13%         3
 Flame Wave               Conj/Fire      31%        2d9       24%         4
 Iskenderun's Battlesphe  Conj           26%        2d8       67%         5
 Starburst                Conj/Fire      15%        6d6       98%         6
 Iron Shot                Conj/Erth      8%         9d3       100%        6


Dungeon Overview and Level Annotations

Branches:
Dungeon (4/15)
 Temple: D:4-7

Altars:
Kikubaaqudgha
Trog
The Shining One

Shops:
D:4 [

Annotations:
D:4 Edmund, Grinder


Message History

A kobold comes into view. It is wielding a +0 whip.
Grinder comes into view.
You see here an adder corpse.
You see here a +2 flail of holy wrath.
m - a +2 flail of holy wrath A phantom comes into view.
Found a pair of boots.
You barely miss the phantom. The phantom hits you.
Unknown command.
Casting: Scorch (safe; 2% risk of failure)
Confirm with . or Enter, or press ? or * to list all spells.
Flames lash the phantom.
The phantom is moderately damaged.
The phantom's fire resistance burns away.
The phantom barely misses you. The phantom hits you.
The phantom blinks!
You blink.
Edmund the Younger comes into view.
He is wielding a +2 flail of draining and wearing a +4 chain mail of cold resistance.
Unknown command.
Casting: Scorch (safe; 2% risk of failure)
Confirm with . or Enter, or press ? or * to list all spells.
You feel a surge of power!
You conjure some foxfire!
The phantom hits you!
The phantom blinks!
You blink.
The foxfire hits the phantom.
The phantom is burned terribly!
The phantom is moderately damaged.
The phantom barely misses you. The phantom closely misses you.
Edmund attacks as you move away!
Edmund hits you with a +2 flail of draining.
* * * LOW HITPOINT WARNING * * *
You feel drained.
* * * LOW HITPOINT WARNING * * *
The phantom is no longer more vulnerable to fire.
The phantom attacks as you move away! The phantom barely misses you.
The phantom attacks as you move away! The phantom hits you.
* * * LOW HITPOINT WARNING * * *
The phantom attacks as you move away! The phantom barely misses you.
As you read the scroll labelled IGIAPAA GEIXEU, it crumbles to dust.
The creatures around you are filled with an inner flame!
It was a scroll of immolation.
The phantom hits you.
You die...

#######
##.....###
##..#.....##
##
##..###..#..#
#. ##..##
##..#.# #.
#..##
##...####.
#@## ##.......
#W.##
#..#####.
#.@.#+ #..##
#. #.#..###..#
#. #..#..#..##
######
##........#
......
#....[..####.#
####..
#.####..#
#.... #..#
...#..


You could see Edmund (inner flame) and a phantom (inner flame).

Vanquished Creatures
  3 adders
  A worm (D:3)
  2 dart slugs
  3 orcs (D:3)
  8 ball pythons
  6 bats
  2 bat zombies (D:3)
  5 endoplasms (D:2)
  7 goblins
  6 hobgoblins
  2 jackals (D:1)
  5 kobolds
  3 quokkas (D:2)
  A frilled lizard (D:1)
  4 rats
  A rat zombie (D:3)
59 creatures vanquished.

Vanquished Creatures (collateral kills)
  5 foxfires (D:2)
5 creatures vanquished.

Vanquished Creatures (others)
  273 foxfires
273 creatures vanquished.

Grand Total: 337 creatures vanquished

Notes
Turn   | Place    | Note
-------+----------+-------------------------------------------
     0 | D:1      | bnorton916 the Deep Elf Fire Elementalist began the quest
                  | for the Orb.
     0 | D:1      | Reached XP level 1. HP: 10/10 MP: 6/6
   440 | D:1      | Reached XP level 2. HP: 15/15 MP: 5/8
   637 | D:1      | Learned a level 2 spell: Scorch
  1238 | D:2      | Reached XP level 3. HP: 19/19 MP: 5/10
  1663 | D:2      | Found a faded altar of an unknown god.
  1697 | D:2      | Got the Compilation of Luminous Tephra
  1721 | D:2      | Reached XP level 4. HP: 24/24 MP: 3/12
  2663 | D:3      | Found a bloodstained altar of Trog.
  2916 | D:3      | Found an ancient bone altar of Kikubaaqudgha.
  3119 | D:4      | Found a glowing golden altar of the Shining One.
  3201 | D:4      | Noticed a scorpion
  3215 | D:4      | Learned a level 3 spell: Volatile Blastmotes
  3256 | D:4      | Found Raifoomi's Antique Armour Shoppe.
  3276 | D:4      | Noticed Grinder
  3338 | D:4      | Noticed a phantom
  3342 | D:4      | Noticed Edmund
  3350 | D:4      | Slain by a phantom

Illustrated notes

Levels and vault maps discovered:
D:1:      tarquinn_simple_flora_water_b, layout_loops_ring, dk_noncrumbling_2
D:2:      layout_rooms, dreamdust_ecumenical_altar_grove, minmay_tromino_i2
D:3:      layout_basic, lightli_temple_of_fire,
          lemuel_zombie_altar_kikubaaqudgha, amethyst_killhole,
          chequers_decorated_corner
D:4:      dreamdust_elfheim, layout_loops_cross,
          nicolae_qazlal_general_emergency, tso_metal_star, lemuel_doored_altar,
          cheibriados_altar_1, nemelex_diamond_rough_becter, serial_shops,
          nicolae_shop_dealshenge, uniq_grinder, uniq_edmund, uniq_eustachio,
          uniq_natasha

Skill      XL: |  1  2  3 |
---------------+----------+-----
Conjurations   | 2 |  2.8
Spellcasting   | 4 |  4.5
Fire Magic     | 4 |  4.3
Dodging        | |  2.4
Stealth        | |  2.4

Action                     |  1- 3 |  4- 6 || total
---------------------------+-------+-------++-------
  Melee: Unarmed           |     3 |       ||     3
         Staff             |       |     1 ||     1
   Cast: Foxfire           |   101 |    65 ||   166
         Scorch            |     1 |     3 ||     4
    Use: Scroll            |       |     1 ||     1
 Armour: Robe              |     6 |     5 ||    11
  Dodge: Dodged            |     5 |    20 ||    25
